Match 45349139
Unlisted

Match 45349139
End
Construct Section Command Post
Selects Canadian Shock Battlegroup
Infantry Section
Infantry Section
Infantry Section
Construct Field Infirmary
Grenade Package
Selects Incendiary Munitions
Selects Offensive Resupply
Construct Platoon Command Post
6-pounder Anti-tank Gun Team
Selects Canadian Shock Section
Canadian Shock Section
Infantry Training
Canadian Shock Section
Selects Pyrotechnics
Canadian Shock Section
Unlock Bishop Self-propelled Artillery
Bishop Self-propelled Artillery
Hydra7-1
[WLF] WhiteWolf
pagep
7k this year for sure
0
0

Comments sign in to comment!

No comments posted yet!